 Dungeon Crawl Stone Soup version 0.26-a0-812-g31a745ddcd (webtiles) character file.

Game seed: 13610094988065723252

898 nicanaca0 the Chopper (level 7, 0/63 HPs)
             Began as a Deep Dwarf Fighter on Nov 22, 2020.
             Slain by an orc warrior
             ... wielding a +0 battleaxe
              (27 damage)
             ... on level 6 of the Dungeon.
             The game lasted 00:07:20 (3435 turns).

nicanaca0 the Chopper (Deep Dwarf Fighter)          Turns: 3435, Time: 00:07:20

Health: 0/63       AC:  7    Str: 20    XL:     7   Next: 79%
Magic:  4/4        EV: 11    Int:  8    God:
Gold:   333        SH: 10    Dex: 14    Spells: 6/6 levels left

rFire    . . .     SeeInvis +   a - +0 war axe
rCold    . . .     Faith    .   c - +0 kite shield
rNeg     . . .     Spirit   .   b - +0 scale mail
rPois    .         Reflect  .   (no helmet)
rElec    .         Harm     .   (no cloak)
rCorr    .         Rampage  .   (no gloves)
MR       +....                  (no boots)
Stlth    ..........             (no amulet)
HPRegen  0.00/turn              e - +4 ring of evasion
MPRegen  0.09/turn              m - ring of see invisible

@: non-regenerating
A: damage resistance, heal wounds, sense surroundings 1, no regeneration
a: Heal Wounds


You were on level 6 of the Dungeon.
You visited 1 branch of the dungeon, and saw 6 of its levels.

You collected 333 gold pieces.

Inventory:

Hand Weapons
 a - a +0 war axe (weapon)
Missiles
 h - 10 poisoned darts (quivered)
Armour
 b - a +0 scale mail (worn)
 c - a +0 kite shield (worn)
Jewellery
 e - a +4 ring of evasion (left hand)
 m - a ring of see invisible (right hand)
 q - an uncursed ring of protection from cold
 s - an uncursed ring of protection from fire
 t - an uncursed ring of protection from fire
Wands
 i - a wand of polymorph (7)
 u - a wand of flame (27)
Scrolls
 k - 7 scrolls of remove curse {@r2}
 l - a scroll of immolation {unknown}
 n - 2 scrolls of enchant weapon {unknown}
 o - a scroll of fear
 v - a scroll of fog {unknown}
Potions
 d - 2 potions of might
 f - a potion of degeneration {unknown}
 g - a potion of haste
 j - a potion of brilliance
 p - a potion of heal wounds {@q2}
 r - 2 potions of curing {@q1}
 w - a potion of magic {unknown}
 x - a potion of cancellation


   Skills:
 + Level 3.9 Fighting
 * Level 7.2 Axes
 + Level 4.7 Armour
 + Level 5.8 Shields


You had 6 spell levels left.
You didn't know any spells.
Your spell library was empty.

Dungeon Overview and Level Annotations

Branches:
Dungeon (6/15)
 Temple: D:4-7

Altars:
Cheibriados
Fedhas
Gozag
Hepliaklqana
Okawaru
Xom
Yredelemnul
The Shining One

Annotations:
D:5 1 runed translucent door


Innate Abilities, Weirdness & Mutations

You are resistant to damage.
You can heal yourself by infusing magical energy.
You passively map a small area around you.
You do not regenerate.


Message History

You block the orc priest's attack.
You hit the orc priest.
The orc priest is moderately wounded.
You slash the orc wizard! You closely miss the orc warrior.
The orc wizard hits you with a +0 dagger.
The orc warrior hits you with a +0 battleaxe.
The orc priest looks satisfied for a moment.
You barely miss the orc priest.
The orc priest is moderately wounded.
You barely miss the orc warrior. You hit the orc wizard.
The orc wizard points at you and mumbles some strange words.
The puff of flame misses you.
The orc priest looks encouraged for a moment.
The orc warrior barely misses you. You block the orc wizard's attack.
You closely miss the orc priest.
The orc priest is moderately wounded.
You closely miss the orc wizard. You barely miss the orc warrior.
You block the orc priest's attack.
The orc warrior hits you with a +0 battleaxe!!
You die...

, , ### #.. ##.###
##.., #....# * *.....
##....###
......##.......# ,,
..>............#
.....$.........#
........oo....## ,
......##@o.#### , ,
............#
............#
,......./.#.##### ,
...........#...###
.................#
........##......., ##
,
.................,..#
, *
...........###..##..#


You could see an orc warrior, an orc priest and an orc wizard.

Vanquished Creatures
  Sigmund (D:5)
  Eustachio (D:5)
  A centaur (D:6)
  Blork the orc (D:5)
  2 jellies (D:5)
  2 hounds
  3 iguanas
  2 worker ants
  A worker ant zombie (D:5)
  6 adders
  A shadow imp (D:5)
  A white imp (D:5)
  An adder skeleton (D:4)
  A worm (D:2)
  3 dart slugs
  2 leopard geckos
  13 orcs
  5 giant cockroaches
  8 hobgoblins
  8 jackals (D:5)
  2 quokkas
  8 bats
  3 frilled lizards
  7 goblins
  A jackal zombie (D:5)
  12 kobolds
  2 quokka zombies
  8 rats
106 creatures vanquished.

Notes
Turn   | Place    | Note
-------+----------+-------------------------------------------
     0 | D:1      | nicanaca0 the Deep Dwarf Fighter began the quest for the
                  | Orb.
     0 | D:1      | Reached XP level 1. HP: 20/20 MP: 1/1
    98 | D:1      | Reached XP level 2. HP: 25/27 MP: 2/2
   138 | D:1      | Reached skill level 3 in Axes
   725 | D:1      | Reached XP level 3. HP: 26/33 MP: 2/2
   848 | D:2      | Found a shimmering altar of Xom.
  1021 | D:2      | Reached skill level 4 in Axes
  1021 | D:2      | Reached XP level 4. HP: 27/40 MP: 3/3
  1363 | D:2      | Found a hazy altar of Hepliaklqana.
  1477 | D:3      | Found a snail-covered altar of Cheibriados.
  2065 | D:4      | Reached XP level 5. HP: 37/46 MP: 3/3
  2067 | D:4      | Reached skill level 5 in Axes
  2270 | D:4      | Found a blossoming altar of Fedhas.
  2696 | D:5      | Entered Level 5 of the Dungeon
  2699 | D:5      | Noticed Blork the orc
  2718 | D:5      | Killed Blork the orc
  2718 | D:5      | Reached XP level 6. HP: 33/55 MP: 4/4
  2865 | D:5      | Found a blossoming altar of Fedhas.
  2865 | D:5      | Found a basalt altar of Yredelemnul.
  2866 | D:5      | Found an opulent altar of Gozag.
  2878 | D:5      | Found an iron altar of Okawaru.
  2883 | D:5      | Reached skill level 5 in Shields
  2920 | D:5      | Noticed an angel
  2921 | D:5      | Found a glowing golden altar of the Shining One.
  2934 | D:5      | Found a runed translucent door.
  2954 | D:5      | Reached skill level 6 in Axes
  3005 | D:5      | Noticed Sigmund
  3030 | D:5      | Killed Sigmund
  3030 | D:5      | Reached XP level 7. HP: 38/62 MP: 4/4
  3133 | D:5      | Noticed Eustachio
  3155 | D:5      | Killed Eustachio
  3370 | D:6      | Reached skill level 7 in Axes
  3435 | D:6      | Slain by an orc warrior

Illustrated notes

Levels and vault maps discovered:
D:1:      heliophobic_arrival_dark_side_of_the_moon, layout_basic
D:2:      layout_basic, old_standard_altar, xom_teletrap_fun
D:3:      layout_basic, nicolae_overflow_crystal_walls, minivault_26,
          minivault_24
D:4:      layout_basic, fedhas_altar_fruit_tree
D:5:      layout_basic, nicolae_overflow_quartered_altars, grunt_decor_cap,
          lemuel_angel_altar, uniq_sigmund, uniq_blork_the_orc, uniq_eustachio
D:6:      layout_cave_pools, minmay_temple_entry_waves, serial_shops, shop,
          uniq_grinder

Skill      XL: |  1  2  3  4  5  6  7 |
---------------+----------------------+-----
Axes           | 3 4 5 6 7 |  7.2
Shields        | 4 5 |  5.8
Fighting       | 3 |  3.9
Armour         | 4 |  4.7

Action                   |  1- 3 |  4- 6 |  7- 9 || total
-------------------------+-------+-------+-------++-------
Melee: War axe           |   118 |   241 |    51 ||   410
       Unarmed           |       |     2 |       ||     2
Throw: Dart              |       |       |     8 ||     8
 Abil: Heal Wounds       |     2 |     5 |     1 ||     8
  Use: Scroll            |       |     7 |       ||     7
       Potion            |       |     2 |       ||     2
Armor: Scale mail        |    62 |    74 |    24 ||   160
       Skin              |       |    11 |       ||    11
Dodge: Dodged            |    45 |   117 |    42 ||   204
Block: Kite shield       |    61 |   128 |    41 ||   230

Table legend: (Time is in decaauts)
 A = Elapsed time spent in this place.
 B = Non-inter-level travel time spent in this place.
 C = Inter-level travel time spent in this place.
 D = Time resting spent in this place.
 E = Time spent auto-exploring this place.
 F = Levels seen in this place.
 G = Mean time per level.
                   A        B        C        D        E       F      G
               +--------+--------+--------+--------+--------+-----+--------+
         Total |   3563 |   3477 |     86 |      2 |   2553 |   6 |  593.8 |
       Dungeon |   3563 |   3477 |     86 |      2 |   2553 |   6 |  593.8 |
               +--------+--------+--------+--------+--------+-----+--------+

Top non-repeatable levels by time:
     D:1: 880 daAuts
     D:5: 699 daAuts
     D:4: 678 daAuts
     D:3: 634 daAuts
     D:2: 592 daAuts
     D:6: 79 daAuts
